 Dungeon Crawl Stone Soup version 0.29.1-1-gd02db6906a (webtiles) character file.

Game seed: 6323963955220853820

217 Earthwalker the Trooper (level 5, -1/49 HPs)
             Began as a Minotaur Abyssal Knight on Oct 7, 2022.
             Was a Priest of Lugonu.
             Slain by Edmund
             ... wielding a +3 vorpal flail
              (5 damage)
             ... on level 6 of the Dungeon.
             The game lasted 00:11:37 (3325 turns).

Earthwalker the Trooper (Minotaur Abyssal Knight)   Turns: 3325, Time: 00:11:38

Health: -1/49      AC:  7    Str: 17    XL:     5   Next: 61%
Magic:  5/5        EV: 11    Int: 13    God:    Lugonu [***...]
Gold:   197        SH:  0    Dex: 19    Spells: 4/4 levels left

rFire   . . .      SeeInvis .   a - +3 spear
rCold   . . .      Faith    .   (no shield)
rNeg    . . .      Spirit   .   h - +0 ring mail
rPois   .          Reflect  .   (helmet restricted)
rElec   .          Harm     .   f - +0 cloak
rCorr   .          Rampage  .   (no gloves)
Will    .....                   (no boots)
Stlth   +.........              (no amulet)
HPRegen 0.16/turn               l - +6 ring of intelligence
MPRegen 0.09/turn               b - +6 ring of dexterity

@: no status effects
A: horns 2, retaliatory headbutt
a: Renounce Religion, Depart the Abyss, Bend Space, Banish


You were on level 6 of the Dungeon.
You worshipped Lugonu.
Lugonu was most pleased with you.
You visited 1 branch of the dungeon, and saw 6 of its levels.
You visited the Abyss 1 time.

You collected 197 gold pieces.

Inventory:

Hand Weapons
 a - a +3 spear (weapon)
 e - a +0 spear
Missiles
 p - 5 poisoned darts
 r - 3 atropa-tipped darts
Armour
 f - a +0 cloak (worn)
 h - a +0 ring mail (worn)
 o - a +0 cloak
Magical Staves
 k - a staff of fire
Jewellery
 b - a +6 ring of dexterity (right hand)
 l - a +6 ring of intelligence (left hand)
Scrolls
 d - 2 scrolls of poison
 q - a scroll of enchant weapon
 s - a scroll of identify
Potions
 c - a potion of berserk rage {unknown}
 g - 3 potions of brilliance
 i - a potion of curing
 j - a potion of might
 m - 2 potions of resistance
 n - a potion of degeneration {unknown}


   Skills:
 * Level 5.6 Fighting
 * Level 4.0 Polearms
 * Level 3.8 Armour
 * Level 1.6 Dodging
 * Level 1.3 Shields
 + Level 2.1 Invocations


You had 4 spell levels left.
You didn't know any spells.
Your spell library contained the following spells:

 Spells                   Type           Power      Damage    Failure   Level
 Beastly Appendage        Tmut           0%         N/A       47%         1
 Shock                    Conj/Air       0%         1d3       47%         1
 Wereblood                Tmut           0%         N/A       63%         2
 Spider Form              Tmut/Pois      0%         N/A       85%         3
 Swiftness                Air            0%         N/A       85%         3
 Airstrike                Air            0%         2d(0-16)  99%         4


Dungeon Overview and Level Annotations

Branches:
Dungeon (7/15)
 Temple: D:4-7

Altars:
Gozag
Hepliaklqana

Annotations:
D:2 1 runed translucent door, Crazy Yiuf
D:6 Edmund


Innate Abilities, Weirdness & Mutations

You have a pair of horns on your head.
You reflexively headbutt those who attack you in melee.


Message History

You puncture Edmund!
Edmund is moderately wounded.
Edmund hits you with a +3 vorpal flail!
You hit Edmund.
Edmund is moderately wounded.
Edmund barely misses you. You furiously retaliate!
You headbutt Edmund. You hit Edmund but do no damage.
You headbutt Edmund, but do no damage.
Edmund is moderately wounded.
Edmund hits you with a +3 vorpal flail!
You hit Edmund.
Edmund is moderately wounded.
Edmund closely misses you. You furiously retaliate!
You headbutt Edmund. You hit Edmund.
Edmund is heavily wounded.
Edmund closely misses you. You furiously retaliate!
You headbutt Edmund. You hit Edmund.
Edmund is heavily wounded.
Edmund hits you with a +3 vorpal flail.
You hit Edmund.
Edmund is heavily wounded.
You puncture Edmund!
Edmund is severely wounded.
Edmund hits you with a +3 vorpal flail.
You hit Edmund. You headbutt Edmund.
Edmund is almost dead.
Edmund hits you with a +3 vorpal flail.
You hit Edmund but do no damage.
Edmund is almost dead.
Edmund closely misses you.
You hit Edmund. Your headbutt misses Edmund.
Edmund is almost dead.
Edmund hits you with a +3 vorpal flail.
You hit Edmund but do no damage. You headbutt Edmund, but do no damage.
Edmund is almost dead.
Edmund hits you with a +3 vorpal flail!
* * * LOW HITPOINT WARNING * * *
x2 You barely miss Edmund.
You headbutt Edmund, but do no damage.
Edmund is almost dead.
Edmund hits you with a +3 vorpal flail.
You die...

#...## ##
#....# >#)....#
# ##.#....###.
##.#...........
...............
.......@.......
.......@..$#
##.........#
###...#...#
#... .......
##.# ####### #.
#. #.


You could see Edmund.

Vanquished Creatures
  A black bear (D:3)
  A jelly (D:4)
  3 adders
  A worm (D:3)
  3 dart slugs
  8 bats
  4 endoplasms
  4 giant cockroaches
  7 goblins
  6 hobgoblins
  A quokka (D:2)
  8 ball pythons
  3 frilled lizards
  7 kobolds
  4 rats
61 creatures vanquished.

Notes
Turn   | Place    | Note
-------+----------+-------------------------------------------
     0 | Abyss:1  | Earthwalker the Minotaur Abyssal Knight began the quest for
                  | the Orb.
     0 | Abyss:1  | Reached XP level 1. HP: 19/19 MP: 1/1
    78 | D:1      | Escaped the Abyss
   480 | D:1      | Reached skill level 4 in Fighting
   480 | D:1      | Reached XP level 2. HP: 25/27 MP: 2/2
   529 | D:1      | Found a faded altar of an unknown god.
  1225 | D:2      | Reached *** piety under Lugonu
  1226 | D:2      | Reached XP level 3. HP: 27/33 MP: 3/3
  1587 | D:2      | Found a runed translucent door.
  1588 | D:2      | Noticed Crazy Yiuf
  2169 | D:3      | Noticed a black bear
  2187 | D:3      | Killed a black bear
  2188 | D:3      | Reached skill level 5 in Fighting
  2188 | D:3      | Reached skill level 1 in Shields
  2188 | D:3      | Reached XP level 4. HP: 34/42 MP: 4/4
  2188 | D:3      | Reached XP level 5. HP: 39/48 MP: 5/5
  3018 | D:4      | Found a hazy altar of Hepliaklqana.
  3069 | D:4      | Found an opulent altar of Gozag.
  3242 | D:4      | You fall into a shaft and drop 3 floors!
  3307 | D:6      | Noticed Edmund
  3325 | D:6      | Slain by Edmund

Illustrated notes

Levels and vault maps discovered:
D:1:      lightli_arrival_maybe_door_vault, layout_basic,
          hellmonk_ecumenical_altar_pennies_from_heaven
D:2:      wander_river, layout_loops_ring, uniq_crazy_yiuf_cottage
D:3:      layout_loops_ring
D:4:      layout_gridville, mainiacjoe_overflow_alcove_2,
          kiku_gazebo_garden_becter, nicolae_gozag_seed_capital
D:6:      layout_loops_ring, nicolae_uskayaw_en_pointe,
          mainiacjoe_overflow_concentric_impassable, gammafunk_ghost_hive,
          uniq_pikel, uniq_edmund
D:7:      layout_basic, fedhas_ov_isle_minmay, hangedman_ru_absence,
          dk_yredelemnul_ordeal, minmay_misc_feat_rugged

Skill      XL: |  1  2  3  4  5 |
---------------+----------------+-----
Fighting       | 4 5 |  5.6
Invocations    | 2 |  2.1
Armour         | 3 |  3.8
Polearms       | 3 4 |  4.0
Shields        | 1 |  1.3
Dodging        | |  1.6

Action                   |  1- 3 |  4- 6 || total
-------------------------+-------+-------++-------
Melee: Spear             |    76 |    71 ||   147
       Headbutt          |     9 |    16 ||    25
       Punch             |       |     2 ||     2
  Use: Scroll            |     6 |     9 ||    15
Armor: Leather armour    |    19 |       ||    19
       Ring mail         |    18 |    18 ||    36
Dodge: Dodged            |    56 |    24 ||    80
